[Event "Belgrade RAD 30"]
[Site "Belgrade"]
[Date "1977.01.28"]
[Round "11.3"]
[White "Sax, Gyula"]
[Black "Suetin, Alexey S"]
[Result "1-0"]
[ECO "B53"]
[WhiteElo "2565"]
[BlackElo "2525"]
[Annotator "Primel,D"]
[PlyCount "80"]
[EventDate "1977.01.15"]
[EventType "tourn"]
[EventRounds "13"]
[EventCountry "SRB"]
[EventCategory "9"]
[SourceTitle "EXT 2018"]
[Source "ChessBase"]
[SourceDate "2017.10.13"]
[SourceVersion "1"]
[SourceVersionDate "2017.10.13"]
[SourceQuality "1"]
[TimeControl "40/9000:16/5400:0"]

1. e4 c5 2. Nf3 d6 3. d4 cxd4 4. Qxd4 Bd7 5. c4 Nc6 6. Qd2 (6. Qd1) (6. Qe3)
6... g6 7. b3 (7. Nc3 Nf6 (7... Bh6 8. Qd1 Bg7 9. Bd2 Nf6 10.
Be2)) 7... Bg7 8. Bb2 Nf6 9. Nc3 O-O 10. h3 (10. Be2) (10. Bd3 Bg4) 10... Qa5
11. Bd3 Rad8 $146 (11... Nh5 12. O-O (12. a3 Nf4 13. b4 Nxd3+
14. Qxd3 Nxb4 15. axb4) 12... f5 13. a3 fxe4 14. b4 Qd8 15. Bxe4 Nf6 16. Bd3
Kh8 17. Nd5 e5 18. Nxf6 Rxf6 19. Be4 Qc7 20. Rad1 Bf5 21. Rfe1 Raf8 22. Bxf5
gxf5 23. c5 dxc5 24. Nxe5 Re6 25. Nd7 Rxe1+ 26. Rxe1 {Bednarski,J-Saidy,A
Polanica Zdroj 1969 1-0 (47)}) (11... Nh5 12. O-O Nf4 13. Qxf4 Bxc3 14. Bxc3
Qxc3 15. Rad1 a5 16. e5 Nxe5 17. Nxe5 dxe5 18. Qh4 Bc6 19. Be4 Rad8 20. Bxc6
bxc6 {1/2-1/2 (20) Damjanovic,M-Soltis,A Reggio Emilia 1970}) (11... a6 12. O-O
Rfc8 13. Rfd1 Rab8 14. Nd5 Qxd2 15. Rxd2 Nxd5 16. Bxg7 Kxg7 17. exd5 Nb4 18.
Re1 Kf8 19. Bb1 a5 20. Rde2 {1/2-1/2 (20) Sommerville,J-Blackstock,L Blackpool
1971}) 12. O-O Bc8 13. Rad1 Nd7 $5 $132 14.
a3 Nde5 15. Nxe5 dxe5 16. b4 (16. Qc1) 16... Qc7 17. c5 $14 Be6
18. Qc2 a6 19. Nd5 $1 Bxd5 20. exd5 Nd4 (20... Rxd5 21. Bc4 $44) 21. Qc4 Qd7
22. c6 $1 bxc6 23. dxc6 Nxc6 24. Qxa6 Nd4 25. Qc4
Rc8 26. Qa2 Rfd8 $36 27. a4 Ra8 28. a5 Qb7 29. Bxd4 $1 {Eliminant le meilleur
défenseur des Noirs.} Rxd4 30. b5 e6 31. Be2 e4 32. Rb1 Rd5
33. Bc4 Rc5 34. Rfd1 Bc3 35. a6 $40 Qb6 36. Rd7 Be5 37. Qe2 Rxa6 38. bxa6 Qxb1+
39. Rd1 Qb6 40. Qxe4 Bc7 1-0

[Event "Belgrade RAD 30"]
[Site "Belgrade"]
[Date "1977.01.29"]
[Round "12.5"]
[White "Suetin, Alexey S"]
[Black "Bukic, Enver"]
[Result "1-0"]
[ECO "B53"]
[WhiteElo "2525"]
[BlackElo "2480"]
[Annotator "Primel,D"]
[PlyCount "121"]
[EventDate "1977.01.15"]
[EventType "tourn"]
[EventRounds "13"]
[EventCountry "SRB"]
[EventCategory "9"]
[SourceTitle "EXT 2018"]
[Source "ChessBase"]
[SourceDate "2017.10.13"]
[SourceVersion "1"]
[SourceVersionDate "2017.10.13"]
[SourceQuality "1"]
[TimeControl "40/9000:16/5400:0"]

1. e4 c5 2. Nf3 d6 3. d4 cxd4 4. Qxd4 a6 5. c4 Nc6 6. Qd2 g6 7. b3 Bg7 8. Bb2
Bxb2 9. Qxb2 Nf6 10. h3 Qa5+ $146 (10... O-O 11. Nbd2 Qa5 12. Rb1 b5 13. b4 Qb6
14. a3 Be6 15. cxb5 axb5 16. Be2 Nh5 17. O-O Nf4 18. Bd1 Nd3 19. Qc3 Nce5 20.
Nxe5 Nxe5 21. Be2 Rfc8 22. Qb2 Bc4 23. Nxc4 Nxc4 24. Bxc4 Rxc4 25. Rfe1 {
Sax,G (2565)-Savon,V (2540) Ljubljana 1977 0-1 (41)}) (10... O-O 11. Nc3 Bd7
12. Be2 b5 13. cxb5 axb5 14. Bxb5 Qa5 15. O-O Nxe4 16. Nxe4 Qxb5 17. Rfd1 f6
18. Rac1 Qb7 19. Qd2 Be6 20. Re1 Ne5 21. Nxe5 fxe5 22. Qh6 Bd5 23. Ng5 e6 24.
Rc2 Ra7 25. Rec1 {Diaz,J (2305)-Donner,J (2470) Cienfuegos 1973 1/2-1/2 (52)})
11. Nbd2 Qc5 (11... O-O) 12. a3 a5 13. Be2 O-O 14. O-O Nh5 15. b4 $1 Qb6 16. Rfb1 Nf4 (16... axb4 17. axb4 Rxa1 18. Qxa1 Nxb4
$2 19. Qa3) 17. Bf1 axb4 18. axb4 Rxa1 19. Qxa1 e5 20. c5 $1 dxc5 21. Nc4 Qc7
22. bxc5 $14 Ne6 23. Qa3 Ncd4 24. Nxd4 exd4 25. Nb6 Kg7 (
25... Qxc5 26. Qxc5 Nxc5 27. Rc1 ) 26. Rc1 Qe5 27. c6 bxc6 28. Rxc6
Bb7 29. Nd7 Qf4 30. Rxe6 $1 fxe6 31. Nxf8 Qxf8 32. Qa7 Qf7 33. Qxd4+ Qf6 34.
Qd7+ (34. Qxf6+ Kxf6 35. f3 Ke5 36. Kf2 g5) 34... Qf7 35. Qd6 h5 36. Bb5 Kh6
37. f3 Bc8 38. Qd8 Qa7+ 39. Kf1 Qa1+ 40. Kf2 Qb2+ 41. Kg3 Qc3 42. Qf8+ Kh7 43.
Qf7+ Kh6 44. Qf4+ (44. h4 $2 Qe1+) 44... g5 45. Qf8+ Kh7 46. Qd6 Kh6 47. e5
Qe1+ 48. Kh2 Qe3 49. Qf8+ Kh7 50. Qf7+ Kh6 51. Qf6+ Kh7 52. Be8 $40 {[%csl Rc8]
Le Bc8 est hors-jeu} Qf4+ $2 53. Qxf4 gxf4 54. Bxh5 Kh6 55. Bg4 (
55. Be8) 55... Kg5 56. g3 fxg3+ 57. Kxg3 $18 Bd7 58. h4+
Kg6 59. Kf4 Kf7 60. Kg5 Kg7 61. h5 1-0